 Dungeon Crawl Stone Soup version 0.24.1-11-gbbbb2193e6 (webtiles) character file.

Game seed: 15770560488988825517, levelgen mode: deterministic

22 Riddle the Sneak (level 2, -15/16 HPs)
             Began as a Spriggan Abyssal Knight on May 15, 2020.
             Was a Follower of Lugonu.
             Demolished by a reaper
             ... wielding a +1 scythe of flaming
              (24 damage)
             ... on level 2 of the Abyss.
             The game lasted 00:02:33 (246 turns).

Riddle the Sneak (Spriggan Abyssal Knight)           Turns: 246, Time: 00:02:34

Health: -15/16     AC:  2    Str:  8    XL:     2   Next: 68%
Magic:  4/4        EV: 18    Int: 13    God:    Lugonu [*.....]
Gold:   37         SH:  0    Dex: 15    Spells: 1/1 levels left

rFire    . . .     SeeInvis +   d - +2 spear (venom)
rCold    . . .     Gourm    .   (shield restricted)
rNeg     . . .     Faith    .   b - +0 robe
rPois    .         Spirit   .   (helmet restricted)
rElec    .         Reflect  .   (no cloak)
rCorr    .         Harm     .   (gloves unavailable)
MR       .....                  (boots unavailable)
Stlth    +++.......             (no amulet)
HPRegen  0.05/turn              (no ring)
MPRegen  0.09/turn              (no ring)

@: very quick
A: very small, unfitting armour, see invisible, herbivore, speed 3, [screaming
2], slow metabolism 2, [subdued magic 2]
a: Depart the Abyss, Renounce Religion


You were on level 2 of the Abyss.
You worshipped Lugonu.
Lugonu was aware of your devotion.
You were not hungry.

You visited 0 branches of the dungeon, and saw 0 of its levels.
You visited the Abyss 1 time.

You collected 37 gold pieces.

Inventory:

Hand Weapons
 a - a +1 spear
 d - a +2 spear of venom (weapon)
Missiles
 f - 18 arrows
Armour
 b - a +0 robe (worn)
 g - a +2 pair of gloves of strength
Miscellaneous
 e - a phial of floods (inert)
Comestibles
 c - a ration


   Skills:
 - Level 2.4 Fighting
 - Level 1.3 Polearms
 - Level 3.5 Dodging
 + Level 4.0 Stealth
 - Level 1.7 Invocations


You had one spell level left.
You didn't know any spells.
Your spell library was empty.

Dungeon Overview and Level Annotations

Branches:
Dungeon (0/15)

Altars:


Innate Abilities, Weirdness & Mutations

You are very small and have problems with some larger weapons.
You are too small for most types of armour.
You have supernaturally acute eyesight. (SInv)
You are a herbivore.
You cover ground extremely quickly.
You need to consume almost no food.
[You sometimes yell uncontrollably at your foes.]
[Your spells are easier to cast, but less powerful.]


Message History

The wretched star pulses with an eldritch light!
You feel the urge to shout.
You feel a strong urge to yell.
Found a pair of runed gloves.
A tentacled starspawn comes into view.
You yell at the tentacled starspawn!
You hear a bark!
A hell hound comes into view.
Found a thick silver amulet.
You see here a pair of runed gloves.
g - a pair of runed gloves The wretched star pulses with an eldritch light!
Your connection to magic feels subdued.
Your connection to magic feels more subdued.
Found a scroll labeled UCIOPI BENAN.
You yell at the reaper!
A reaper comes into view. It is wielding a +1 scythe of flaming.
The hell hound barks!
The reaper hits you from afar with a +1 scythe of flaming!!
Ouch! That really hurt!
You die...

#
...................
###......≈≈≈....§.
##.#..#.X≈≈.#.§≈
###....###.≈≈≈##.§
#.....x.#....≈≈..≈
##...............
#..............
#..#....h.......
..###.#.@#.....#
..#..........#..
#..##.2##.#..# .?##
#.#. .#... .. ....
. . #.. .. .. ##.
.. .. #..


You could see a tentacled starspawn, a reaper, a hell hound and a small
abomination.

Vanquished Creatures (collateral kills)
  An iron imp (Abyss:2)
1 creature vanquished.

Notes
Turn   | Place    | Note
-------+----------+-------------------------------------------
     0 | Abyss:1  | Riddle the Spriggan Abyssal Knight began the quest for the
                  | Orb.
     0 | Abyss:1  | Reached XP level 1. HP: 11/11 MP: 3/3
    48 | Abyss:1  | Noticed a large abomination
    67 | Abyss:1  | Noticed a ynoxinul
    69 | Abyss:1  | Noticed a tentacled starspawn
    71 | Abyss:1  | Noticed an ancient zyme
   128 | Abyss:2  | Noticed an ancient zyme
   140 | Abyss:2  | Noticed an iron imp
   148 | Abyss:2  | Killed an iron imp
   148 | Abyss:2  | Reached skill level 4 in Stealth
   148 | Abyss:2  | Reached XP level 2. HP: 16/16 MP: 4/4
   152 | Abyss:2  | Noticed a large abomination
   157 | Abyss:2  | Noticed a small abomination
   170 | Abyss:2  | Noticed a starcursed mass
   184 | Abyss:2  | Noticed a large abomination
   231 | Abyss:2  | Noticed a wretched star
   234 | Abyss:2  | Noticed a tentacled starspawn
   239 | Abyss:2  | Noticed a hell hound
   243 | Abyss:2  | Noticed a reaper
   246 | Abyss:2  | Demolished by a reaper

Levels and vault maps discovered:
Abyss:2:  minivault_26

Skill      XL: |  1 |
---------------+----+-----
Stealth        | 4 |  4.0
Fighting       | |  2.4
Polearms       | |  1.3
Dodging        | |  3.5
Invocations    | |  1.7

Action                   || total
-------------------------++-------
Melee: Spear             ||    14
Evoke: Phial of floods   ||     1
